San Jose Sharks vs Dallas Stars
Created - Wednesday, October 8, 2025 at 07:52
Goals
|
| San Jose Sharks |
1 |
2 |
0 |
0 |
1 |
4 |
| Dallas Stars |
3 |
0 |
0 |
0 |
0 |
3 |
|
Shots
|
| San Jose Sharks |
10 |
9 |
21 |
0 |
3 |
40 |
| Dallas Stars |
19 |
6 |
13 |
2 |
3 |
40 |
|
1st period
1. Dallas Stars , Trent Frederic 8 (Jack Drury 12, Alex Iafallo 11) at 9:38
2. Dallas Stars , Josh Anderson 17 (Brendan Gallagher 21, Elias Lindholm 29) at 14:59
3. Dallas Stars , Jordan Martinook 29 (Luke Kunin 27) at 16:16
4. San Jose Sharks , Ilya Mikheyev 17 (Justin Barron 5, Andrew Copp 19) at 19:56
Penalties :
Anthony Beauvillier (SJS) for High sticking (Minor) at 1:06
2nd period
5. San Jose Sharks , Kevin Fiala 31 (Carter Verhaeghe 37, Jon Merrill 1) at 1:44
6. San Jose Sharks , Carter Verhaeghe 21 (Alexander Wennberg 32) at 15:31
Penalties :
Arber Xhekaj (DAL) for Roughing (Double Minor) at 3:27, Jordan Greenway (DAL) for Fighting (Major) at 15:40, Jon Merrill (SJS) for Fighting (Major) at 15:40, Dougie Hamilton (DAL) for Hooking (Minor) at 19:44
3rd period
No Goal
Penalties :
Josh Anderson (DAL) for High sticking (Minor) at 7:06
Overtime #1
No Goal
Penalties :
No Penalty
Shootout
San Jose Sharks, Kevin Fiala - Goal!
Dallas Stars, Elias Lindholm - Stopped by Jacob Markstrom
San Jose Sharks, Carter Verhaeghe - Stopped by Marc-Andre Fleury
Dallas Stars, Josh Anderson - Stopped by Jacob Markstrom
San Jose Sharks, Alexander Wennberg - Stopped by Marc-Andre Fleury
Dallas Stars, Jordan Martinook - Shot Misses the Net
Penalties :
No Penalty
Goalie Stats
Jacob Markstrom (SJS), 37 saves from 40 shots - (0.925), W, 6-11-2, 65:00 minutes
Marc-Andre Fleury (DAL), 37 saves from 40 shots - (0.925), OTL, 9-8-4, 65:00 minutes
Players Stats for San Jose Sharks
Player Name G A P +/- PIM S H SB GA TA FO MP PP MP PK MP
------------------------------------------------------------------------------------
Adam Henrique 0 0 0 0 0 5 2 0 0 0 11/21 20:39 3:19 0:56
Alexander Wennberg 0 1 1 1 0 3 1 2 0 0 3/15 21:14 3:47 0:56
Andre Burakovsky 0 0 0 0 0 5 0 3 0 1 1/1 17:44 3:19 0:00
Andrew Copp 0 1 1 0 0 0 0 0 0 0 3/8 14:35 0:51 0:00
Anthony Beauvillier 0 0 0 0 2 2 1 0 0 1 1/2 13:16 0:00 0:00
Brandon Tanev 0 0 0 -1 0 3 2 1 1 0 0/0 9:23 0:51 0:00
Carter Verhaeghe 1 1 2 1 0 3 1 0 0 0 1/1 20:48 3:43 0:58
Connor Murphy 0 0 0 -1 0 3 1 2 0 0 0/0 27:22 4:05 1:09
Danton Heinen 0 0 0 -1 0 2 1 0 0 0 0/0 8:21 0:00 0:00
Ilya Mikheyev 1 0 1 0 0 2 1 0 1 0 0/0 14:29 0:55 0:05
Jake McCabe 0 0 0 -1 0 2 1 1 1 1 0/0 27:22 4:05 1:09
Jon Merrill 0 1 1 -1 5 1 0 4 0 1 0/0 16:06 0:36 0:00
Josh Manson 0 0 0 2 0 0 1 0 0 0 0/0 20:05 3:16 0:00
Justin Barron 0 1 1 2 0 0 3 0 0 1 0/0 16:00 0:36 0:50
Kevin Fiala 1 0 1 1 0 2 3 1 0 3 1/1 21:16 3:47 0:58
Marcus Pettersson 0 0 0 -1 0 3 2 1 0 2 0/0 23:04 3:16 0:50
Mark Jankowski 0 0 0 -1 0 1 0 0 2 0 2/6 8:21 0:00 0:00
Max Domi 0 0 0 0 0 3 1 0 1 0 2/2 17:54 3:19 0:05
Players Stats for Dallas Stars
Player Name G A P +/- PIM S H SB GA TA FO MP PP MP PK MP
------------------------------------------------------------------------------------
Alex Iafallo 0 1 1 0 0 3 0 0 0 0 0/0 13:56 0:00 0:00
Arber Xhekaj 0 0 0 1 4 1 3 2 1 0 0/0 14:24 0:00 0:00
Brendan Gallagher 0 1 1 0 0 2 1 1 1 0 0/0 18:44 1:03 3:22
Cam York 0 0 0 1 0 1 1 1 0 0 0/0 16:14 0:00 2:05
Dougie Hamilton 0 0 0 0 2 4 2 2 0 0 0/0 26:11 1:14 3:14
Elias Lindholm 0 1 1 0 0 6 0 0 0 1 10/18 20:31 1:03 3:42
Jack Drury 0 1 1 0 0 1 0 0 0 0 8/13 15:37 0:00 1:46
Jakob Chychrun 0 0 0 -1 0 0 1 0 0 1 0/0 23:52 0:45 3:15
Joel Kiviranta 0 0 0 -1 0 2 1 0 1 0 0/0 11:02 0:00 0:00
Jonatan Berggren 0 0 0 -1 0 1 0 0 1 0 0/0 10:11 0:00 0:00
Jordan Greenway 0 0 0 1 5 3 0 0 1 0 0/0 14:20 0:56 1:01
Jordan Martinook 1 0 1 1 0 4 1 0 1 0 1/3 19:39 0:56 3:18
Josh Anderson 1 0 1 0 2 2 2 0 2 1 0/1 19:23 1:03 2:38
Luke Kunin 0 1 1 1 0 2 1 0 1 0 10/18 14:31 0:56 0:11
Philip Tomasino 0 0 0 -1 0 2 0 0 0 1 3/4 10:11 0:00 0:00
Rasmus Ristolainen 0 0 0 0 0 2 1 1 1 1 0/0 26:19 1:14 4:13
Trent Frederic 1 0 1 0 0 3 3 0 0 0 0/0 13:03 0:00 0:00
Trevor van Riemsdyk 0 0 0 -1 0 1 2 4 0 1 0/0 23:55 0:45 3:07
3 Stars
1 - Carter Verhaeghe (SJS)
2 - Kevin Fiala (SJS)
3 - Justin Barron (SJS)
Power Play
San Jose Sharks - 0 on 4 Attempt(s) - 0.00%
Dallas Stars - 0 on 1 Attempt(s) - 0.00%
Penalty Kill
San Jose Sharks - 1 on 1 Attempt(s) - 100.00%
- Score 0 goal in Penalty Kill
Dallas Stars - 4 on 4 Attempt(s) - 100.00%
- Score 0 goal in Penalty Kill
Team Stat
San Jose Sharks - Hits : 21 - Faceoff Wins : 25 - Blocked Shots : 15 - Penalty Minutes : 7
Dallas Stars - Hits : 19 - Faceoff Wins : 32 - Blocked Shots : 11 - Penalty Minutes : 13
Official
Referees : Peter Macdougall and Graham Skilliter
Linesman : Trent Knorr and Ryan Galloway
Game Notes
Jordan Greenway and Jon Merrill fight to a draw at 15:40 of 2nd period
7:38 of 3rd period - San Jose Sharks goal is going for a video replay. After video review, No Goal. The goalkeeper has been pushed into the net together with the puck after making a save.
Finance
Level 1 -- Attendance: 6000 (100.00%) -- Ticket Income $540,000
Level 2 -- Attendance: 4980 (99.60%) -- Ticket Income $249,000
Level 3 -- Attendance: 3000 (100.00%) -- Ticket Income $90,000
Level 4 -- Attendance: 3945 (78.90%) -- Ticket Income $98,625
Luxury Box -- Attendance: 1000 (100.00%) -- Ticket Income $190,000
Game was played at the American Airlines Center.
Total Attendance: 18925 (94.63%)
Total Ticket Income: $1,167,625
Other Income: $408,669
Total Income: $1,576,294
San Jose Sharks
5 vs 5 Forward
Center Left Wing Right Wing Time % Phy DF OF
1 Alexander Wennberg Kevin Fiala Carter Verhaeghe 30 1 2 2
2 Adam Henrique Max Domi Andre Burakovsky 30 1 2 2
3 Andrew Copp Anthony Beauvillier Ilya Mikheyev 25 1 2 2
4 Mark Jankowski Brandon Tanev Danton Heinen 15 1 2 2
5 vs 5 Defense
Defense Defense Time % Phy DF OF
1 Jake McCabe Connor Murphy 30 1 2 2
2 Jon Merrill Marcus Pettersson 30 1 2 2
3 Josh Manson Justin Barron 25 1 2 2
4 Jake McCabe Connor Murphy 15 1 2 2
PowerPlay Forward
Center Left Wing Right Wing Time % Phy DF OF
1 Alexander Wennberg Kevin Fiala Carter Verhaeghe 50 1 2 2
2 Adam Henrique Max Domi Andre Burakovsky 50 1 2 2
PowerPlay Defense
Defense Defense Time % Phy DF OF
1 Jake McCabe Connor Murphy 50 1 2 2
2 Josh Manson Marcus Pettersson 50 1 2 2
Penalty Kill 4 Players Forward
Center Wing Time % Phy DF OF
1 Kevin Fiala Carter Verhaeghe 50 1 2 2
2 Alexander Wennberg Adam Henrique 50 1 2 2
Penalty Kill 4 Players Defense
Defense Defense Time % Phy DF OF
1 Jake McCabe Connor Murphy 50 1 2 2
2 Justin Barron Marcus Pettersson 50 1 2 2
Penalty Kill - 3 Players Forward
Forward Time % Phy DF OF
1 Kevin Fiala 50 1 2 2
2 Carter Verhaeghe 50 1 2 2
Penalty Kill - 3 Players Defense
Defense Defense Time % Phy DF OF
1 Jake McCabe Connor Murphy 50 1 2 2
2 Justin Barron Marcus Pettersson 50 1 2 2
4 vs 4 Forward
Center Wing Time % Phy DF OF
1 Alexander Wennberg Kevin Fiala 50 1 2 2
2 Adam Henrique Carter Verhaeghe 50 1 2 2
4 vs 4 Defense
Defense Defense Time % Phy DF OF
1 Jake McCabe Connor Murphy 50 1 2 2
2 Josh Manson Marcus Pettersson 50 1 2 2
Last Minutes Offensive
Center Left Wing Right Wing Defense Defense
Carter Verhaeghe Kevin Fiala Adam Henrique Jake McCabe Connor Murphy
Last Minutes Defensive
Center Left Wing Right Wing Defense Defense
Carter Verhaeghe Kevin Fiala Adam Henrique Jake McCabe Connor Murphy
Goaltenders
Starting : Jacob Markstrom
Backup : Jakub Dobes
Extra Forwards
Normal : Ilya Mikheyev, Andrew Copp, Anthony Beauvillier - PP : Ilya Mikheyev, Andrew Copp - PK : Anthony Beauvillier
Extra Defensemen
Normal : Josh Manson, Justin Barron, Connor Murphy - PP : Josh Manson - PK : Justin Barron, Jake McCabe
Penalty Shots
Kevin Fiala, Carter Verhaeghe, Alexander Wennberg, Adam Henrique, Max Domi
Scratches
Mattias Samuelsson (Healthy), Ryan Johansen (Healthy), Travis Boyd (Healthy)
Dallas Stars
5 vs 5 Forward
Center Left Wing Right Wing Time % Phy DF OF
1 Elias Lindholm Josh Anderson Brendan Gallagher 30 1 2 2
2 Luke Kunin Jordan Martinook Jordan Greenway 30 1 2 2
3 Jack Drury Alex Iafallo Trent Frederic 25 1 2 2
4 Philip Tomasino Joel Kiviranta Jonatan Berggren 15 1 2 2
5 vs 5 Defense
Defense Defense Time % Phy DF OF
1 Rasmus Ristolainen Dougie Hamilton 35 1 2 2
2 Trevor van Riemsdyk Jakob Chychrun 35 1 2 2
3 Arber Xhekaj Cam York 30 1 2 2
4 Rasmus Ristolainen Dougie Hamilton 0 1 2 2
PowerPlay Forward
Center Left Wing Right Wing Time % Phy DF OF
1 Elias Lindholm Josh Anderson Brendan Gallagher 50 1 2 2
2 Luke Kunin Jordan Martinook Jordan Greenway 50 1 2 2
PowerPlay Defense
Defense Defense Time % Phy DF OF
1 Rasmus Ristolainen Dougie Hamilton 50 1 2 2
2 Trevor van Riemsdyk Jakob Chychrun 50 1 2 2
Penalty Kill 4 Players Forward
Center Wing Time % Phy DF OF
1 Elias Lindholm Josh Anderson 50 1 2 2
2 Jordan Martinook Brendan Gallagher 50 1 2 2
Penalty Kill 4 Players Defense
Defense Defense Time % Phy DF OF
1 Rasmus Ristolainen Dougie Hamilton 50 1 2 2
2 Trevor van Riemsdyk Jakob Chychrun 50 1 2 2
Penalty Kill - 3 Players Forward
Forward Time % Phy DF OF
1 Elias Lindholm 50 1 2 2
2 Josh Anderson 50 1 2 2
Penalty Kill - 3 Players Defense
Defense Defense Time % Phy DF OF
1 Rasmus Ristolainen Dougie Hamilton 50 1 2 2
2 Trevor van Riemsdyk Jakob Chychrun 50 1 2 2
4 vs 4 Forward
Center Wing Time % Phy DF OF
1 Elias Lindholm Josh Anderson 50 1 2 2
2 Jordan Martinook Brendan Gallagher 50 1 2 2
4 vs 4 Defense
Defense Defense Time % Phy DF OF
1 Rasmus Ristolainen Dougie Hamilton 50 1 2 2
2 Trevor van Riemsdyk Jakob Chychrun 50 1 2 2
Last Minutes Offensive
Center Left Wing Right Wing Defense Defense
Elias Lindholm Josh Anderson Brendan Gallagher Rasmus Ristolainen Dougie Hamilton
Last Minutes Defensive
Center Left Wing Right Wing Defense Defense
Elias Lindholm Josh Anderson Brendan Gallagher Rasmus Ristolainen Dougie Hamilton
Goaltenders
Starting : Marc-Andre Fleury
Backup : Alex Lyon
Extra Forwards
Normal : Alex Iafallo, Joel Kiviranta, Jack Drury - PP : Alex Iafallo, Joel Kiviranta - PK : Jack Drury
Extra Defensemen
Normal : Rasmus Ristolainen, Cam York, Trevor van Riemsdyk - PP : Dougie Hamilton - PK : Cam York, Trevor van Riemsdyk
Penalty Shots
Elias Lindholm, Josh Anderson, Jordan Martinook, Brendan Gallagher, Alex Iafallo
Scratches
Filip Chytil (Healthy), Jonas Siegenthaler (Healthy), Semyon Varlamov (Healthy)
% Time on Ice - San Jose Sharks
Lines # - Real PCT - Wanted PCT - Time Play
Normal Forward
1 - 29% - 30% - 14:27
2 - 29% - 30% - 14:43
3 - 25% - 25% - 12:33
4 - 17% - 15% - 8:21
Normal Defense
1 - 29% - 30% - 14:30
2 - 33% - 30% - 16:39
3 - 27% - 25% - 13:23
4 - 11% - 15% - 5:32
PP Forward
1 - 51% - 50% - 4:04
2 - 49% - 50% - 3:53
PP Defense
1 - 51% - 50% - 4:05
2 - 49% - 50% - 3:52
PK Forward
1 - 50% - 50% - 1:00
2 - 50% - 50% - 0:59
PK Defense
1 - 58% - 50% - 1:09
2 - 42% - 50% - 0:50
PK3 Forward
1 - 0% - 50%
2 - 0% - 50%
PK3 Defense
1 - 0% - 50%
2 - 0% - 50%
44 Forward
1 - 56% - 50% - 2:48
2 - 44% - 50% - 2:12
44 Defense
1 - 42% - 50% - 2:06
2 - 58% - 50% - 2:54
Last Minute Offensive - 0:00
Last Minute Defensive - 0:00
Total
Forward - 65:00
Defense - 65:00
|
% Time on Ice - Dallas Stars
Lines # - Real PCT - Wanted PCT - Time Play
Normal Forward
1 - 27% - 30% - 13:26
2 - 27% - 30% - 13:24
3 - 26% - 25% - 13:03
4 - 20% - 15% - 10:11
Normal Defense
1 - 37% - 35% - 18:18
2 - 35% - 35% - 17:26
3 - 29% - 30% - 14:20
4 - 0% - 0% - 0:00
PP Forward
1 - 53% - 50% - 1:03
2 - 47% - 50% - 0:56
PP Defense
1 - 62% - 50% - 1:14
2 - 38% - 50% - 0:45
PK Forward
1 - 51% - 50% - 4:02
2 - 49% - 50% - 3:55
PK Defense
1 - 53% - 50% - 4:13
2 - 47% - 50% - 3:44
PK3 Forward
1 - 0% - 50%
2 - 0% - 50%
PK3 Defense
1 - 0% - 50%
2 - 0% - 50%
44 Forward
1 - 56% - 50% - 2:48
2 - 44% - 50% - 2:12
44 Defense
1 - 51% - 50% - 2:34
2 - 49% - 50% - 2:26
Last Minute Offensive - 0:00
Last Minute Defensive - 0:00
Total
Forward - 65:00
Defense - 65:00
|
Play-by-Play
1st period
0:01 of 1st period - Elias Lindholm wins face-off versus Alexander Wennberg in neutral zone.
0:08 of 1st period - Snap shot by Elias Lindholm.
0:08 of 1st period - Shot Hit the Post.
0:10 of 1st period - Wrist shot by Elias Lindholm.
0:10 of 1st period - Deflect By Jake McCabe.
0:10 of 1st period - Stopped by Jacob Markstrom with a rebound.
0:12 of 1st period - Backhand shot by Elias Lindholm.
0:12 of 1st period - Shot Misses the Net.
0:33 of 1st period - Snap shot by Dougie Hamilton.
0:33 of 1st period - Stopped by Jacob Markstrom with a rebound.
0:35 of 1st period - Snap shot by Jordan Greenway.
0:35 of 1st period - Stopped by Jacob Markstrom without a rebound.
0:36 of 1st period - Luke Kunin wins face-off versus Adam Henrique in San Jose Sharks zone.
0:54 of 1st period - Icing by Jordan Martinook.
0:55 of 1st period - Luke Kunin wins face-off versus Anthony Beauvillier in Dallas Stars zone.
0:55 of 1st period - Luke Kunin is hit by Justin Barron.
1:06 of 1st period - Minor Penalty to Anthony Beauvillier for High sticking.
1:07 of 1st period - Kevin Fiala wins face-off versus Elias Lindholm in San Jose Sharks zone.
1:07 of 1st period - Kevin Fiala is hit by Dougie Hamilton.
1:34 of 1st period - Snap shot by Carter Verhaeghe.
1:34 of 1st period - Shot Misses the Net.
1:56 of 1st period - Luke Kunin is hit by Justin Barron and loses puck.
3:06 of 1st period - Penalty to Anthony Beauvillier is over, Anthony Beauvillier is back on ice.
4:38 of 1st period - Alex Iafallo is hit by Adam Henrique and loses puck.
4:59 of 1st period - Slapshot by Brandon Tanev.
4:59 of 1st period - Stopped by Marc-Andre Fleury with a rebound.
5:07 of 1st period - Snap shot by Danton Heinen.
5:07 of 1st period - Stopped by Marc-Andre Fleury without a rebound.
5:08 of 1st period - Elias Lindholm wins face-off versus Alexander Wennberg in Dallas Stars zone.
5:38 of 1st period - Snap shot by Andrew Copp.
5:38 of 1st period - Shot Misses the Net.
5:40 of 1st period - Backhand shot by Ilya Mikheyev.
5:40 of 1st period - Shot Misses the Net.
5:51 of 1st period - Icing by Jordan Martinook.
5:52 of 1st period - Luke Kunin wins face-off versus Mark Jankowski in Dallas Stars zone.
6:07 of 1st period - Wrist shot by Brandon Tanev.
6:07 of 1st period - Stopped by Marc-Andre Fleury with a rebound.
7:25 of 1st period - Wrist shot by Danton Heinen.
7:25 of 1st period - Stopped by Marc-Andre Fleury without a rebound.
7:26 of 1st period - Mark Jankowski wins face-off versus Elias Lindholm in Dallas Stars zone.
7:31 of 1st period - Snap shot by Brandon Tanev.
7:31 of 1st period - Shot Misses the Net.
7:33 of 1st period - Wrist shot by Brandon Tanev.
7:33 of 1st period - Shot Blocked by Trevor van Riemsdyk.
7:35 of 1st period - Wrist shot by Jake McCabe.
7:35 of 1st period - Shot Blocked by Trevor van Riemsdyk.
7:37 of 1st period - Slapshot by Connor Murphy.
7:37 of 1st period - Stopped by Marc-Andre Fleury with a rebound.
7:39 of 1st period - Wrist shot by Mark Jankowski.
7:39 of 1st period - Shot Blocked by Trevor van Riemsdyk.
7:41 of 1st period - Wrist shot by Mark Jankowski.
7:41 of 1st period - Stopped by Marc-Andre Fleury without a rebound.
7:42 of 1st period - Adam Henrique wins face-off versus Jack Drury in Dallas Stars zone.
7:49 of 1st period - Snap shot by Adam Henrique.
7:49 of 1st period - Shot Misses the Net.
7:51 of 1st period - Slapshot by Connor Murphy.
7:51 of 1st period - Stopped by Marc-Andre Fleury with a rebound.
8:07 of 1st period - Snap shot by Elias Lindholm.
8:07 of 1st period - Stopped by Jacob Markstrom with a rebound.
8:09 of 1st period - Slapshot by Elias Lindholm.
8:09 of 1st period - Stopped by Jacob Markstrom without a rebound.
8:10 of 1st period - Elias Lindholm wins face-off versus Alexander Wennberg in San Jose Sharks zone.
8:15 of 1st period - Wrist shot by Elias Lindholm.
8:15 of 1st period - Shot Blocked by Alexander Wennberg.
8:17 of 1st period - Wrist shot by Brendan Gallagher.
8:17 of 1st period - Stopped by Jacob Markstrom with a rebound.
8:25 of 1st period - Snap shot by Josh Anderson.
8:25 of 1st period - Shot Misses the Net.
8:27 of 1st period - Wrist shot by Elias Lindholm.
8:27 of 1st period - Stopped by Jacob Markstrom with a rebound.
9:10 of 1st period - Off-side.
9:11 of 1st period - Adam Henrique wins face-off versus Luke Kunin in neutral zone.
9:24 of 1st period - Slapshot by Jordan Greenway.
9:24 of 1st period - Shot Misses the Net.
9:26 of 1st period - Snap shot by Jordan Martinook.
9:26 of 1st period - Stopped by Jacob Markstrom without a rebound.
9:27 of 1st period - Jack Drury wins face-off versus Andrew Copp in San Jose Sharks zone.
9:30 of 1st period - Snap shot by Jack Drury.
9:30 of 1st period - Shot Misses the Net.
9:32 of 1st period - Backhand shot by Alex Iafallo.
9:32 of 1st period - Stopped by Jacob Markstrom with a rebound.
9:34 of 1st period - Wrist shot by Jack Drury.
9:34 of 1st period - Stopped by Jacob Markstrom with a rebound.
9:38 of 1st period - Wrist shot by Trent Frederic.
9:38 of 1st period - Goal by Trent Frederic - San Jose Sharks : 0 - Dallas Stars : 1.
9:39 of 1st period - Adam Henrique wins face-off versus Luke Kunin in neutral zone.
10:05 of 1st period - Connor Murphy is hit by Trent Frederic and loses puck.
10:43 of 1st period - Snap shot by Kevin Fiala.
10:43 of 1st period - Shot Blocked by Arber Xhekaj.
10:53 of 1st period - Connor Murphy is hit by Arber Xhekaj and loses puck.
11:12 of 1st period - Slapshot by Joel Kiviranta.
11:12 of 1st period - Shot Misses the Net.
11:14 of 1st period - Snap shot by Joel Kiviranta.
11:14 of 1st period - Shot Misses the Net.
11:16 of 1st period - Wrist shot by Joel Kiviranta.
11:16 of 1st period - Shot Misses the Net.
11:18 of 1st period - Wrist shot by Cam York.
11:18 of 1st period - Shot Blocked by Kevin Fiala.
11:20 of 1st period - Wrist shot by Cam York.
11:20 of 1st period - Deflect By Kevin Fiala.
11:20 of 1st period - Stopped by Jacob Markstrom without a rebound.
11:21 of 1st period - Luke Kunin wins face-off versus Adam Henrique in San Jose Sharks zone.
11:54 of 1st period - Snap shot by Alex Iafallo.
11:54 of 1st period - Shot Misses the Net.
11:56 of 1st period - Wrist shot by Trent Frederic.
11:56 of 1st period - Stopped by Jacob Markstrom with a rebound.
13:05 of 1st period - Jakob Chychrun is hit by Danton Heinen and loses puck.
13:57 of 1st period - Icing by Alexander Wennberg.
13:58 of 1st period - Jack Drury wins face-off versus Alexander Wennberg in San Jose Sharks zone.
14:07 of 1st period - Slapshot by Carter Verhaeghe.
14:07 of 1st period - Stopped by Marc-Andre Fleury without a rebound.
14:08 of 1st period - Jack Drury wins face-off versus Adam Henrique in Dallas Stars zone.
14:55 of 1st period - Slapshot by Elias Lindholm.
14:55 of 1st period - Shot Misses the Net.
14:57 of 1st period - Wrist shot by Brendan Gallagher.
14:57 of 1st period - Stopped by Jacob Markstrom with a rebound.
14:59 of 1st period - Snap shot by Josh Anderson.
14:59 of 1st period - Goal by Josh Anderson - San Jose Sharks : 0 - Dallas Stars : 2.
15:00 of 1st period - Max Domi wins face-off versus Luke Kunin in neutral zone.
15:30 of 1st period - Elias Lindholm is hit by Justin Barron and loses puck.
16:10 of 1st period - Snap shot by Joel Kiviranta.
16:10 of 1st period - Deflect By Philip Tomasino.
16:10 of 1st period - Stopped by Jacob Markstrom with a rebound.
16:12 of 1st period - Snap shot by Joel Kiviranta.
16:12 of 1st period - Stopped by Jacob Markstrom with a rebound.
16:14 of 1st period - Slapshot by Joel Kiviranta.
16:14 of 1st period - Stopped by Jacob Markstrom without a rebound.
16:15 of 1st period - Luke Kunin wins face-off versus Mark Jankowski in San Jose Sharks zone.
16:16 of 1st period - Slapshot by Jordan Martinook.
16:16 of 1st period - Goal by Jordan Martinook - San Jose Sharks : 0 - Dallas Stars : 3.
16:17 of 1st period - Elias Lindholm wins face-off versus Adam Henrique in neutral zone.
17:36 of 1st period - Wrist shot by Andre Burakovsky.
17:36 of 1st period - Deflect By Max Domi.
17:36 of 1st period - Deflect By Cam York.
17:36 of 1st period - Stopped by Marc-Andre Fleury without a rebound.
17:37 of 1st period - Adam Henrique wins face-off versus Jack Drury in Dallas Stars zone.
18:07 of 1st period - Slapshot by Carter Verhaeghe.
18:07 of 1st period - Shot Misses the Net.
19:52 of 1st period - Snap shot by Andrew Copp.
19:52 of 1st period - Shot Misses the Net.
19:56 of 1st period - Wrist shot by Ilya Mikheyev.
19:56 of 1st period - Goal by Ilya Mikheyev - San Jose Sharks : 1 - Dallas Stars : 3.
19:57 of 1st period - Adam Henrique wins face-off versus Luke Kunin in neutral zone.
Goals for this period are 1 for San Jose Sharks vs 3 for Dallas Stars.
Shots for this period are 10 for San Jose Sharks vs 19 for Dallas Stars.
2nd period
0:01 of 2nd period - Adam Henrique wins face-off versus Luke Kunin in neutral zone.
0:29 of 2nd period - Off-side.
0:30 of 2nd period - Alexander Wennberg wins face-off versus Elias Lindholm in neutral zone.
0:45 of 2nd period - Slapshot by Alexander Wennberg.
0:45 of 2nd period - Shot Blocked by Arber Xhekaj.
0:55 of 2nd period - Cam York is hit by Kevin Fiala and loses puck.
1:04 of 2nd period - Wrist shot by Carter Verhaeghe.
1:04 of 2nd period - Shot Misses the Net.
1:25 of 2nd period - Wrist shot by Brendan Gallagher.
1:25 of 2nd period - Shot Blocked by Jon Merrill.
1:44 of 2nd period - Snap shot by Kevin Fiala.
1:44 of 2nd period - Goal by Kevin Fiala - San Jose Sharks : 2 - Dallas Stars : 3.
1:45 of 2nd period - Luke Kunin wins face-off versus Adam Henrique in neutral zone.
1:56 of 2nd period - Snap shot by Max Domi.
1:56 of 2nd period - Stopped by Marc-Andre Fleury with a rebound.
1:58 of 2nd period - Snap shot by Andre Burakovsky.
1:58 of 2nd period - Stopped by Marc-Andre Fleury with a rebound.
2:00 of 2nd period - Wrist shot by Max Domi.
2:00 of 2nd period - Shot Misses the Net.
2:10 of 2nd period - Trent Frederic is hit by Anthony Beauvillier and loses puck.
2:35 of 2nd period - Snap shot by Philip Tomasino.
2:35 of 2nd period - Stopped by Jacob Markstrom without a rebound.
2:36 of 2nd period - Philip Tomasino wins face-off versus Adam Henrique in San Jose Sharks zone.
2:49 of 2nd period - Andre Burakovsky is hit by Joel Kiviranta and loses puck.
3:08 of 2nd period - Wrist shot by Andrew Copp.
3:08 of 2nd period - Shot Misses the Net.
3:10 of 2nd period - Slapshot by Marcus Pettersson.
3:10 of 2nd period - Deflect By Jakob Chychrun.
3:10 of 2nd period - Stopped by Marc-Andre Fleury with a rebound.
3:12 of 2nd period - Snap shot by Ilya Mikheyev.
3:12 of 2nd period - Stopped by Marc-Andre Fleury with a rebound.
3:14 of 2nd period - Wrist shot by Marcus Pettersson.
3:14 of 2nd period - Shot Misses the Net.
3:16 of 2nd period - Slapshot by Jon Merrill.
3:16 of 2nd period - Stopped by Marc-Andre Fleury without a rebound.
3:17 of 2nd period - Mark Jankowski wins face-off versus Jack Drury in Dallas Stars zone.
3:20 of 2nd period - Wrist shot by Brandon Tanev.
3:20 of 2nd period - Shot Misses the Net.
3:22 of 2nd period - Snap shot by Brandon Tanev.
3:22 of 2nd period - Shot Misses the Net.
3:24 of 2nd period - Slapshot by Jake McCabe.
3:24 of 2nd period - Deflect By Brandon Tanev.
3:24 of 2nd period - Stopped by Marc-Andre Fleury without a rebound.
3:25 of 2nd period - Jack Drury wins face-off versus Mark Jankowski in Dallas Stars zone.
3:27 of 2nd period - Double Minor Penalty to Arber Xhekaj for Roughing.
3:28 of 2nd period - Elias Lindholm wins face-off versus Alexander Wennberg in Dallas Stars zone.
3:32 of 2nd period - Snap shot by Josh Anderson.
3:32 of 2nd period - Stopped by Jacob Markstrom with a rebound.
7:27 of 2nd period - Penalty to Arber Xhekaj is over, Arber Xhekaj is back on ice.
7:56 of 2nd period - Snap shot by Trent Frederic.
7:56 of 2nd period - Stopped by Jacob Markstrom with a rebound.
7:58 of 2nd period - Snap shot by Alex Iafallo.
7:58 of 2nd period - Stopped by Jacob Markstrom with a rebound.
8:00 of 2nd period - Wrist shot by Trevor van Riemsdyk.
8:00 of 2nd period - Stopped by Jacob Markstrom with a rebound.
8:02 of 2nd period - Slapshot by Arber Xhekaj.
8:02 of 2nd period - Shot Blocked by Jake McCabe.
8:51 of 2nd period - Justin Barron is hit by Arber Xhekaj and loses puck.
10:22 of 2nd period - Justin Barron is hit by Luke Kunin and loses puck.
10:52 of 2nd period - Dougie Hamilton is hit by Brandon Tanev and loses puck.
12:20 of 2nd period - Rasmus Ristolainen is hit by Adam Henrique and loses puck.
12:35 of 2nd period - Alexander Wennberg is hit by Trent Frederic and loses puck.
12:40 of 2nd period - Wrist shot by Alex Iafallo.
12:40 of 2nd period - Stopped by Jacob Markstrom without a rebound.
12:41 of 2nd period - Jack Drury wins face-off versus Andrew Copp in San Jose Sharks zone.
13:26 of 2nd period - Alexander Wennberg is hit by Cam York and loses puck.
14:06 of 2nd period - Jack Drury is hit by Alexander Wennberg and loses puck.
14:22 of 2nd period - Connor Murphy is hit by Trent Frederic and loses puck.
14:35 of 2nd period - Snap shot by Jack Drury.
14:35 of 2nd period - Shot Blocked by Alexander Wennberg.
15:04 of 2nd period - Wrist shot by Alexander Wennberg.
15:04 of 2nd period - Stopped by Marc-Andre Fleury with a rebound.
15:31 of 2nd period - Slapshot by Carter Verhaeghe.
15:31 of 2nd period - Goal by Carter Verhaeghe - San Jose Sharks : 3 - Dallas Stars : 3.
15:32 of 2nd period - Luke Kunin wins face-off versus Adam Henrique in neutral zone.
15:40 of 2nd period - Jordan Greenway and Jon Merrill fight to a draw.
15:40 of 2nd period - Penalty to Jordan Greenway for Fighting.
15:40 of 2nd period - Penalty to Jon Merrill for Fighting.
15:41 of 2nd period - Adam Henrique wins face-off versus Elias Lindholm in Dallas Stars zone.
15:44 of 2nd period - Snap shot by Max Domi.
15:44 of 2nd period - Shot Misses the Net.
16:31 of 2nd period - Slapshot by Anthony Beauvillier.
16:31 of 2nd period - Shot Misses the Net.
17:00 of 2nd period - Jack Drury is hit by Marcus Pettersson and loses puck.
17:37 of 2nd period - Cam York is hit by Connor Murphy and loses puck.
18:03 of 2nd period - Dougie Hamilton is hit by Josh Manson and loses puck.
19:09 of 2nd period - Andre Burakovsky is hit by Brendan Gallagher.
19:44 of 2nd period - Minor Penalty to Dougie Hamilton for Hooking.
19:45 of 2nd period - Alexander Wennberg wins face-off versus Jordan Martinook in Dallas Stars zone.
Goals for this period are 2 for San Jose Sharks vs 0 for Dallas Stars.
Shots for this period are 9 for San Jose Sharks vs 6 for Dallas Stars.
3rd period
0:01 of 3rd period - Adam Henrique wins face-off versus Josh Anderson in neutral zone.
0:40 of 3rd period - Penalty to Jordan Greenway is over, Jordan Greenway is back on ice.
1:44 of 3rd period - Penalty to Dougie Hamilton is over, Dougie Hamilton is back on ice.
1:49 of 3rd period - Wrist shot by Elias Lindholm.
1:49 of 3rd period - Shot Blocked by Jon Merrill.
1:51 of 3rd period - Snap shot by Dougie Hamilton.
1:51 of 3rd period - Stopped by Jacob Markstrom with a rebound.
1:53 of 3rd period - Snap shot by Elias Lindholm.
1:53 of 3rd period - Stopped by Jacob Markstrom with a rebound.
3:14 of 3rd period - Anthony Beauvillier is hit by Trevor van Riemsdyk.
3:17 of 3rd period - Icing by Josh Manson.
3:18 of 3rd period - Andrew Copp wins face-off versus Jack Drury in San Jose Sharks zone.
3:18 of 3rd period - Andrew Copp is hit by Arber Xhekaj.
3:44 of 3rd period - Off-side.
3:45 of 3rd period - Adam Henrique wins face-off versus Philip Tomasino in neutral zone.
3:52 of 3rd period - Wrist shot by Andre Burakovsky.
3:52 of 3rd period - Stopped by Marc-Andre Fleury with a rebound.
3:54 of 3rd period - Slapshot by Jake McCabe.
3:54 of 3rd period - Stopped by Marc-Andre Fleury with a rebound.
3:56 of 3rd period - Snap shot by Adam Henrique.
3:56 of 3rd period - Shot Misses the Net.
3:58 of 3rd period - Slapshot by Adam Henrique.
3:58 of 3rd period - Stopped by Marc-Andre Fleury without a rebound.
3:59 of 3rd period - Anthony Beauvillier wins face-off versus Luke Kunin in Dallas Stars zone.
4:06 of 3rd period - Snap shot by Anthony Beauvillier.
4:06 of 3rd period - Shot Misses the Net.
4:24 of 3rd period - Alex Iafallo is hit by Max Domi and loses puck.
4:29 of 3rd period - Wrist shot by Andre Burakovsky.
4:29 of 3rd period - Stopped by Marc-Andre Fleury without a rebound.
4:30 of 3rd period - Andre Burakovsky wins face-off versus Elias Lindholm in Dallas Stars zone.
4:55 of 3rd period - Slapshot by Alexander Wennberg.
4:55 of 3rd period - Stopped by Marc-Andre Fleury without a rebound.
4:56 of 3rd period - Luke Kunin wins face-off versus Alexander Wennberg in Dallas Stars zone.
5:03 of 3rd period - Slapshot by Rasmus Ristolainen.
5:03 of 3rd period - Stopped by Jacob Markstrom with a rebound.
5:05 of 3rd period - Slapshot by Luke Kunin.
5:05 of 3rd period - Shot Misses the Net.
5:07 of 3rd period - Snap shot by Jordan Martinook.
5:07 of 3rd period - Stopped by Jacob Markstrom with a rebound.
5:09 of 3rd period - Slapshot by Jordan Greenway.
5:09 of 3rd period - Shot Misses the Net.
5:21 of 3rd period - Adam Henrique is hit by Dougie Hamilton and loses puck.
5:44 of 3rd period - Snap shot by Anthony Beauvillier.
5:44 of 3rd period - Stopped by Marc-Andre Fleury with a rebound.
5:46 of 3rd period - Snap shot by Anthony Beauvillier.
5:46 of 3rd period - Shot Misses the Net.
5:48 of 3rd period - Snap shot by Andrew Copp.
5:48 of 3rd period - Shot Misses the Net.
5:50 of 3rd period - Wrist shot by Jake McCabe.
5:50 of 3rd period - Shot Misses the Net.
6:02 of 3rd period - Snap shot by Mark Jankowski.
6:02 of 3rd period - Deflect By Jonatan Berggren.
6:02 of 3rd period - Shot Blocked by Cam York.
6:02 of 3rd period - Puck is out of play.
6:03 of 3rd period - Philip Tomasino wins face-off versus Mark Jankowski in Dallas Stars zone.
6:10 of 3rd period - Wrist shot by Joel Kiviranta.
6:10 of 3rd period - Shot Blocked by Marcus Pettersson.
6:16 of 3rd period - Snap shot by Philip Tomasino.
6:16 of 3rd period - Shot Misses the Net.
6:18 of 3rd period - Slapshot by Dougie Hamilton.
6:18 of 3rd period - Shot Blocked by Jon Merrill.
6:30 of 3rd period - Wrist shot by Andre Burakovsky.
6:30 of 3rd period - Stopped by Marc-Andre Fleury with a rebound.
6:32 of 3rd period - Slapshot by Jon Merrill.
6:32 of 3rd period - Shot Misses the Net.
6:34 of 3rd period - Slapshot by Marcus Pettersson.
6:34 of 3rd period - Stopped by Marc-Andre Fleury without a rebound.
6:35 of 3rd period - Luke Kunin wins face-off versus Adam Henrique in Dallas Stars zone.
6:46 of 3rd period - Off-side.
6:47 of 3rd period - Adam Henrique wins face-off versus Elias Lindholm in neutral zone.
7:06 of 3rd period - Minor Penalty to Josh Anderson for High sticking.
7:07 of 3rd period - Elias Lindholm wins face-off versus Alexander Wennberg in Dallas Stars zone.
7:22 of 3rd period - Slapshot by Jordan Martinook.
7:22 of 3rd period - Shot Blocked by Connor Murphy.
7:24 of 3rd period - Slapshot by Rasmus Ristolainen.
7:24 of 3rd period - Stopped by Jacob Markstrom without a rebound.
7:25 of 3rd period - Adam Henrique wins face-off versus Elias Lindholm in San Jose Sharks zone.
7:32 of 3rd period - Wrist shot by Adam Henrique.
7:32 of 3rd period - Stopped by Marc-Andre Fleury with a rebound.
7:34 of 3rd period - Snap shot by Adam Henrique.
7:34 of 3rd period - Stopped by Marc-Andre Fleury with a rebound.
7:36 of 3rd period - Slapshot by Marcus Pettersson.
7:36 of 3rd period - Stopped by Marc-Andre Fleury with a rebound.
7:38 of 3rd period - Wrist shot by Adam Henrique.
7:38 of 3rd period - San Jose Sharks goal is going for a video replay.
7:38 of 3rd period - The goal is refused. The goalkeeper has been pushed into the net together with the puck after making a save..
7:39 of 3rd period - Jordan Martinook wins face-off versus Alexander Wennberg in Dallas Stars zone.
8:06 of 3rd period - Adam Henrique is hit by Jakob Chychrun and loses puck.
8:51 of 3rd period - Wrist shot by Brendan Gallagher.
8:51 of 3rd period - Shot Misses the Net.
9:06 of 3rd period - Penalty to Josh Anderson is over, Josh Anderson is back on ice.
9:21 of 3rd period - Elias Lindholm is hit by Ilya Mikheyev.
10:26 of 3rd period - Wrist shot by Max Domi.
10:26 of 3rd period - Stopped by Marc-Andre Fleury with a rebound.
10:28 of 3rd period - Slapshot by Adam Henrique.
10:28 of 3rd period - Stopped by Marc-Andre Fleury without a rebound.
10:29 of 3rd period - Max Domi wins face-off versus Elias Lindholm in Dallas Stars zone.
10:30 of 3rd period - Wrist shot by Andre Burakovsky.
10:30 of 3rd period - Shot Misses the Net.
11:39 of 3rd period - Slapshot by Max Domi.
11:39 of 3rd period - Shot Blocked by Dougie Hamilton.
11:56 of 3rd period - Slapshot by Brendan Gallagher.
11:56 of 3rd period - Shot Blocked by Brandon Tanev.
11:58 of 3rd period - Slapshot by Arber Xhekaj.
11:58 of 3rd period - Deflect By Danton Heinen.
11:58 of 3rd period - Stopped by Jacob Markstrom with a rebound.
13:14 of 3rd period - Rasmus Ristolainen is hit by Brandon Tanev and loses puck.
13:31 of 3rd period - Anthony Beauvillier is hit by Rasmus Ristolainen and loses puck.
13:42 of 3rd period - Snap shot by Elias Lindholm.
13:42 of 3rd period - Stopped by Jacob Markstrom with a rebound.
14:18 of 3rd period - Snap shot by Jordan Martinook.
14:18 of 3rd period - Stopped by Jacob Markstrom with a rebound.
14:32 of 3rd period - Icing by Dougie Hamilton.
14:33 of 3rd period - Elias Lindholm wins face-off versus Alexander Wennberg in Dallas Stars zone.
15:11 of 3rd period - Snap shot by Alexander Wennberg.
15:11 of 3rd period - Shot Misses the Net.
15:13 of 3rd period - Snap shot by Kevin Fiala.
15:13 of 3rd period - Deflect By Jakob Chychrun.
15:13 of 3rd period - Stopped by Marc-Andre Fleury without a rebound.
15:14 of 3rd period - Jack Drury wins face-off versus Andrew Copp in Dallas Stars zone.
15:30 of 3rd period - Wrist shot by Ilya Mikheyev.
15:30 of 3rd period - Deflect By Anthony Beauvillier.
15:30 of 3rd period - Stopped by Marc-Andre Fleury with a rebound.
15:47 of 3rd period - Slapshot by Luke Kunin.
15:47 of 3rd period - Stopped by Jacob Markstrom without a rebound.
15:48 of 3rd period - Luke Kunin wins face-off versus Alexander Wennberg in San Jose Sharks zone.
15:49 of 3rd period - Snap shot by Jordan Martinook.
15:49 of 3rd period - Shot Blocked by Connor Murphy.
15:51 of 3rd period - Wrist shot by Jordan Greenway.
15:51 of 3rd period - Stopped by Jacob Markstrom with a rebound.
15:53 of 3rd period - Slapshot by Rasmus Ristolainen.
15:53 of 3rd period - Deflect By Luke Kunin.
15:53 of 3rd period - Stopped by Jacob Markstrom without a rebound.
15:54 of 3rd period - Carter Verhaeghe wins face-off versus Luke Kunin in San Jose Sharks zone.
15:54 of 3rd period - Carter Verhaeghe is hit by Jordan Martinook.
16:00 of 3rd period - Snap shot by Jake McCabe.
16:00 of 3rd period - Shot Blocked by Rasmus Ristolainen.
16:02 of 3rd period - Wrist shot by Carter Verhaeghe.
16:02 of 3rd period - Stopped by Marc-Andre Fleury without a rebound.
16:03 of 3rd period - Jack Drury wins face-off versus Andrew Copp in Dallas Stars zone.
16:30 of 3rd period - Slapshot by Jake McCabe.
16:30 of 3rd period - Stopped by Marc-Andre Fleury with a rebound.
16:32 of 3rd period - Slapshot by Connor Murphy.
16:32 of 3rd period - Shot Blocked by Brendan Gallagher.
16:47 of 3rd period - Off-side.
16:48 of 3rd period - Alexander Wennberg wins face-off versus Luke Kunin in neutral zone.
17:03 of 3rd period - Snap shot by Alexander Wennberg.
17:03 of 3rd period - Stopped by Marc-Andre Fleury with a rebound.
17:37 of 3rd period - Wrist shot by Andre Burakovsky.
17:37 of 3rd period - Stopped by Marc-Andre Fleury with a rebound.
17:39 of 3rd period - Wrist shot by Connor Murphy.
17:39 of 3rd period - Stopped by Marc-Andre Fleury without a rebound.
17:40 of 3rd period - Philip Tomasino wins face-off versus Adam Henrique in Dallas Stars zone.
18:00 of 3rd period - Snap shot by Andre Burakovsky.
18:00 of 3rd period - Shot Blocked by Dougie Hamilton.
18:36 of 3rd period - Wrist shot by Joel Kiviranta.
18:36 of 3rd period - Shot Misses the Net.
18:38 of 3rd period - Wrist shot by Rasmus Ristolainen.
18:38 of 3rd period - Shot Blocked by Jon Merrill.
18:40 of 3rd period - Slapshot by Dougie Hamilton.
18:40 of 3rd period - Shot Blocked by Andre Burakovsky.
18:42 of 3rd period - Slapshot by Rasmus Ristolainen.
18:42 of 3rd period - Shot Blocked by Andre Burakovsky.
18:44 of 3rd period - Slapshot by Rasmus Ristolainen.
18:44 of 3rd period - Shot Blocked by Andre Burakovsky.
18:46 of 3rd period - Snap shot by Dougie Hamilton.
18:46 of 3rd period - Deflect By Adam Henrique.
18:46 of 3rd period - Stopped by Jacob Markstrom with a rebound.
19:16 of 3rd period - Backhand shot by Jonatan Berggren.
19:16 of 3rd period - Stopped by Jacob Markstrom without a rebound.
19:17 of 3rd period - Jack Drury wins face-off versus Andrew Copp in San Jose Sharks zone.
19:21 of 3rd period - Icing by Jake McCabe.
19:22 of 3rd period - Andrew Copp wins face-off versus Jack Drury in San Jose Sharks zone.
Goals for this period are 0 for San Jose Sharks vs 0 for Dallas Stars.
Shots for this period are 21 for San Jose Sharks vs 13 for Dallas Stars.
Overtime #1
0:01 of 1st overtime period - Elias Lindholm wins face-off versus Alexander Wennberg in neutral zone.
0:26 of 1st overtime period - Brendan Gallagher is hit by Carter Verhaeghe and loses puck.
0:34 of 1st overtime period - Off-side.
0:35 of 1st overtime period - Elias Lindholm wins face-off versus Adam Henrique in neutral zone.
1:01 of 1st overtime period - Jakob Chychrun is hit by Kevin Fiala and loses puck.
1:14 of 1st overtime period - Brendan Gallagher is hit by Kevin Fiala and loses puck.
1:24 of 1st overtime period - Icing by Kevin Fiala.
1:25 of 1st overtime period - Elias Lindholm wins face-off versus Alexander Wennberg in San Jose Sharks zone.
1:50 of 1st overtime period - Josh Manson is hit by Trevor van Riemsdyk.
2:00 of 1st overtime period - Snap shot by Carter Verhaeghe.
2:00 of 1st overtime period - Shot Blocked by Trevor van Riemsdyk.
2:18 of 1st overtime period - Dougie Hamilton is hit by Jake McCabe and loses puck.
3:30 of 1st overtime period - Connor Murphy is hit by Josh Anderson and loses puck.
3:54 of 1st overtime period - Jakob Chychrun is hit by Marcus Pettersson and loses puck.
4:13 of 1st overtime period - Slapshot by Dougie Hamilton.
4:13 of 1st overtime period - Stopped by Jacob Markstrom with a rebound.
4:15 of 1st overtime period - Snap shot by Jordan Greenway.
4:15 of 1st overtime period - Stopped by Jacob Markstrom with a rebound.
4:18 of 1st overtime period - Icing by Justin Barron.
4:19 of 1st overtime period - Andrew Copp wins face-off versus Jordan Martinook in San Jose Sharks zone.
4:54 of 1st overtime period - Marcus Pettersson is hit by Josh Anderson and loses puck.
Goals for this period are 0 for San Jose Sharks vs 0 for Dallas Stars.
Shots for this period are 0 for San Jose Sharks vs 2 for Dallas Stars.
ShootOut
5:00 of 1st overtime period - Round #1.
5:00 of 1st overtime period - San Jose Sharks, Kevin Fiala.
5:00 of 1st overtime period - Backhand shot by Kevin Fiala.
5:00 of 1st overtime period - Goal by Kevin Fiala.
5:00 of 1st overtime period - Dallas Stars, Elias Lindholm.
5:00 of 1st overtime period - Deke by Elias Lindholm.
5:00 of 1st overtime period - Stopped by Jacob Markstrom.
5:00 of 1st overtime period - Round #2.
5:00 of 1st overtime period - San Jose Sharks, Carter Verhaeghe.
5:00 of 1st overtime period - Deke by Carter Verhaeghe.
5:00 of 1st overtime period - Stopped by Marc-Andre Fleury.
5:00 of 1st overtime period - Dallas Stars, Josh Anderson.
5:00 of 1st overtime period - Wrist shot by Josh Anderson.
5:00 of 1st overtime period - Stopped by Jacob Markstrom.
5:00 of 1st overtime period - Round #3.
5:00 of 1st overtime period - San Jose Sharks, Alexander Wennberg.
5:00 of 1st overtime period - Snap shot by Alexander Wennberg.
5:00 of 1st overtime period - Stopped by Marc-Andre Fleury.
5:00 of 1st overtime period - Dallas Stars, Jordan Martinook.
5:00 of 1st overtime period - Wrist shot by Jordan Martinook.
5:00 of 1st overtime period - Shot Misses the Net.
Back to the Top